 Dungeon Sprint DCSS version 0.22-a0-274-gf8199ec (webtiles) character file.

3238 Kidiri the Covert (level 9, -9/51 HPs)
             Began as a Spriggan Enchanter on Mar 13, 2018.
             Was a High Priest of Wu Jian.
             Mangled by a two-headed ogre
             ... wielding a +0 dire flail
              (20 damage)
             ... in the Dungeon (Sprint VII: "The Pits").
             The game lasted 00:04:47 (710 turns).

Kidiri the Covert (Spriggan Enchanter)               Turns: 710, Time: 00:04:48

Health: -9/51      AC:  2    Str: 10    XL:     9   Next: 66%
Magic:  12/25      EV: 26    Int: 18    God:    Wu Jian [*****.]
Gold:   0          SH:  0    Dex: 18    Spells: 19/31 levels left

rFire    . . .     SeeInvis +   a - +2 rapier (venom)
rCold    . . .     Gourm    .   (shield restricted)
rNeg     . . .     Faith    .   b - +0 robe
rPois    .         Spirit   .   (helmet restricted)
rElec    .         Reflect  .   (no cloak)
rCorr    .         Harm     .   (gloves unavailable)
MR       +....     NoTele   +   (boots unavailable)
Stlth    ++++++....             (no amulet)
HPRegen  0.17/turn              n - +3 ring of strength
MPRegen  0.19/turn              o - +3 ring of strength

@: very quick
A: very small, unfitting armour, see invisible, herbivore, speed 3, slow
metabolism 2
a: Wall Jump, Serpent's Lash, Heavenly Storm, Renounce Religion


You were in the Dungeon.
You worshipped Wu Jian.
Wu Jian was extremely pleased with you.
You were not hungry.

You visited 1 branch

Inventory:

Hand Weapons
 a - a +2 rapier of venom (weapon)
Armour
 b - a +0 robe (worn)
Jewellery
 n - a +3 ring of strength (left hand)
 o - a +3 ring of strength (right hand)
Scrolls
 j - a scroll of blinking
 k - 3 scrolls of remove curse
 l - 5 scrolls of amnesia
 m - a scroll of summoning
Potions
 c - 2 potions of invisibility
 e - 9 potions of curing
 f - 6 potions of heal wounds
 g - 2 potions of haste
 h - 4 potions of magic
 i - 3 potions of berserk rage
 p - 2 potions of might
 q - a potion of brilliance
 r - a potion of agility
Comestibles
 d - 9 rations


   Skills:
 * Level 8.1 Fighting
 + Level 7.6 Short Blades
 * Level 7.4 Armour
 + Level 10.1 Dodging
 * Level 14.8 Stealth
 * Level 11.7 Spellcasting
 + Level 9.1 Hexes


You had 19 spell levels left.
You knew the following spells:

 Your Spells              Type           Power        Failure   Level  Hunger
a - Corona                Hex            #####..      1%          1    None
b - Ensorcelled Hibernat  Hex/Ice        ####..       1%          2    None
c - Confuse               Hex            #####...     1%          3    None
d - Tukima's Dance        Hex            #####...     1%          3    None
e - Dazzling Spray        Conj/Hex       ####..       3%          3    None


Dungeon Overview and Level Annotations

Branches:
Dungeon (1/1)

Altars:
Ashenzari
Cheibriados
Dithmenos
Elyvilon
Fedhas
Gozag
Hepliaklqana
Kikubaaqudgha
Makhleb
Nemelex Xobeh
Okawaru
Qazlal
Ru
Sif Muna
Trog
Uskayaw
Vehumet
Wu Jian
Xom
Yredelemnul
Zin
The Shining One
Beogh
Jiyva
Lugonu

Annotations:
D exclusions: 4 doors and 4 more exclusions


Innate Abilities, Weirdness & Mutations

You are very small and have problems with some larger weapons.
You are too small for most types of armour.
You have supernaturally acute eyesight. (SInv)
You are a herbivore.
You cover ground extremely quickly.
You need to consume almost no food.


Message History

You puncture the two-headed ogre!
The two-headed ogre is poisoned.
The two-headed ogre is heavily wounded.
The komodo dragon bites you!!
Ouch! That really hurt!
* * * LOW HITPOINT WARNING * * *
Unknown command.
Unknown command.
There is an open door here.
Unknown command.
Casting: Dazzling Spray (safe; 3% risk of failure)
Confirm with . or Enter, or press ? or * to list all spells.
Aiming: Ensorcelled Hibernation (safe; 1% risk of failure)
Press: ? - help, Shift-Dir - straight line, f - komodo dragon
Aim: a komodo dragon (chance to defeat MR: 37%)
The komodo dragon looks drowsy...
You puncture the two-headed ogre!
The two-headed ogre is severely wounded.
The two-headed ogre is no longer blind.
The two-headed ogre hits you with a dire flail!!
You die...

#####......#..#......#
[+.##................#
.#.#####+#####''######
##.##.......##''### ###
.#.##.......##...)##..+
.+.##.......##...##...#
#####...<...##..##...#
)).##.......##..#...#
)).##.......##..@..#
#####.......##.##O.#
#..#############.l.+
#)########### #....#
#)#....#..[[##..#.D#
#+#....#..[[##.###..#
#.+[...+..))### #..#
#+#.[..#..))# ..+
+)#....#..))# ..#


You could see a two-headed ogre, a komodo dragon and a steam dragon.

Vanquished Creatures
  A two-headed ogre (D)
  A vampire mage (D)
  A deep elf mage (D)
  An elephant (D)
  An orange demon (D)
  A steam dragon (D)
  A water moccasin (D)
  A floating eye (D)
  2 black bears (D)
  An eye of draining (D)
  An ogre (D)
  A big kobold (D)
  A gnoll sergeant (D)
  A scorpion (D)
  A hound (D)
  An iguana (D)
  Jessica (D)
  2 white imps (D)
  2 leopard geckos (D)
  An orc (D)
  A ball python (D)
  2 goblins (D)
  2 jackals (D)
  A kobold (D)
29 creatures vanquished.

Notes
Turn   | Place    | Note
-------+----------+-------------------------------------------
     0 | D        | Kidiri the Spriggan Enchanter began the quest for the Orb.
     0 | D        | Reached XP level 1. HP: 9/9 MP: 5/5
    61 | D        | Found a bloodstained altar of Trog.
    61 | D        | Found a deep blue altar of Sif Muna.
    61 | D        | Found a viscous altar of Jiyva.
    61 | D        | Found a hazy altar of Hepliaklqana.
    61 | D        | Found an opulent altar of Gozag.
    62 | D        | Found a glowing golden altar of the Shining One.
    62 | D        | Found a glowing silver altar of Zin.
    62 | D        | Found a basalt altar of Yredelemnul.
    62 | D        | Found a shimmering altar of Xom.
    62 | D        | Found an ornate altar of the Wu Jian Council.
    62 | D        | Found a sacrificial altar of Ru.
    62 | D        | Found a stormy altar of Qazlal.
    62 | D        | Found an iron altar of Okawaru.
    62 | D        | Found a sparkling altar of Nemelex Xobeh.
    62 | D        | Found a burning altar of Makhleb.
    62 | D        | Found a blossoming altar of Fedhas.
    62 | D        | Found a white marble altar of Elyvilon.
    62 | D        | Found a shadowy altar of Dithmenos.
    62 | D        | Found a snail-covered altar of Cheibriados.
    64 | D        | Found a radiant altar of Vehumet.
    64 | D        | Found a corrupted altar of Lugonu.
    64 | D        | Found a roughly hewn altar of Beogh.
    65 | D        | Found a hide-covered altar of Uskayaw.
    65 | D        | Found an ancient bone altar of Kikubaaqudgha.
    65 | D        | Found a shattered altar of Ashenzari.
    71 | D        | Became a worshipper of the Wu Jian Council
    90 | D        | Reached skill level 5 in Stealth
   103 | D        | Reached * piety under Wu Jian
   140 | D        | Reached skill level 1 in Fighting
   140 | D        | Reached skill level 1 in Armour
   140 | D        | Reached XP level 2. HP: 14/14 MP: 7/7
   147 | D        | Learned a level 2 spell: Ensorcelled Hibernation
   149 | D        | Noticed a floating eye
   149 | D        | Noticed a water moccasin
   162 | D        | Reached ** piety under Wu Jian
   163 | D        | Paralysed by a floating eye for 4 turns
   175 | D        | Paralysed by a floating eye for 2 turns
   180 | D        | Killed a floating eye
   180 | D        | Reached skill level 7 in Stealth
   180 | D        | Reached skill level 5 in Spellcasting
   180 | D        | Reached XP level 3. HP: 20/20 MP: 1/10
   180 | D        | Reached XP level 4. HP: 24/24 MP: 1/12
   262 | D        | Learned a level 3 spell: Confuse
   266 | D        | Learned a level 3 spell: Tukima's Dance
   270 | D        | Learned a level 3 spell: Dazzling Spray
   281 | D        | Killed a water moccasin
   281 | D        | Reached skill level 5 in Dodging
   281 | D        | Reached skill level 9 in Stealth
   281 | D        | Reached skill level 5 in Hexes
   281 | D        | Reached XP level 5. HP: 25/29 MP: 2/15
   394 | D        | Noticed a black bear
   400 | D        | Killed a black bear
   400 | D        | Reached *** piety under Wu Jian
   400 | D        | Reached XP level 6. HP: 34/34 MP: 17/17
   403 | D        | Reached skill level 10 in Stealth
   405 | D        | Reached skill level 5 in Fighting
   414 | D        | Reached **** piety under Wu Jian
   416 | D        | Reached skill level 5 in Short Blades
   416 | D        | Reached XP level 7. HP: 33/39 MP: 12/19
   467 | D        | Reached skill level 11 in Stealth
   467 | D        | Noticed a steam dragon
   468 | D        | Killed a steam dragon
   468 | D        | Reached skill level 5 in Armour
   482 | D        | Noticed a deep elf mage
   483 | D        | Killed a deep elf mage
   483 | D        | Reached skill level 12 in Stealth
   483 | D        | Reached XP level 8. HP: 45/45 MP: 20/22
   486 | D        | Reached ***** piety under Wu Jian
   511 | D        | Noticed Jessica
   511 | D        | Noticed an elephant
   511 | D        | Noticed a vampire mage
   513 | D        | Killed Jessica
   523 | D        | Killed an elephant
   523 | D        | Reached skill level 13 in Stealth
   523 | D        | Reached skill level 10 in Spellcasting
   524 | D        | Noticed a jiangshi
   524 | D        | Killed a vampire mage
   524 | D        | Reached XP level 9. HP: 30/50 MP: 17/24
   665 | D        | Noticed a two-headed ogre
   667 | D        | Killed a two-headed ogre
   667 | D        | Reached skill level 14 in Stealth
   673 | D        | Reached skill level 10 in Dodging
   696 | D        | Noticed an orange demon
   700 | D        | Killed an orange demon
   700 | D        | Noticed a two-headed ogre
   700 | D        | Noticed a komodo dragon
   710 | D        | Mangled by a two-headed ogre

Vault maps used:
D:        pitsprint

Skill      XL: |  1  2  3  4  5  6  7  8  9 |
---------------+----------------------------+-----
Spellcasting   | 3 5 6 7 8 9 10 11 | 11.7
Stealth        | 5 7 9 10 12 13 14 | 14.8
Fighting       | 1 3 4 5 6 7 8 |  8.1
Armour         | 1 2 3 4 5 6 7 |  7.4
Short Blades   | 3 4 5 6 7 |  7.6
Dodging        | 4 5 6 7 8 9 10 | 10.1
Hexes          | 4 5 6 7 8 9 |  9.1

Action                   |  1- 3 |  4- 6 |  7- 9 || total
-------------------------+-------+-------+-------++-------
Melee: Dagger            |    28 |    14 |    27 ||    69
       Rapier            |       |       |     6 ||     6
 Cast: Corona            |     2 |       |       ||     2
       Ensorcelled Hiber |     3 |     3 |     4 ||    10
       Dazzling Spray    |       |     3 |     5 ||     8
Invok: Lunge             |     2 |     1 |     4 ||     7
       Wall Jump         |       |     9 |     5 ||    14
       Whirlwind         |       |     4 |     8 ||    12
       Serpent's Lash    |       |       |     2 ||     2
       Heavenly Storm    |       |       |     1 ||     1
 Stab: Sleeping          |     6 |     5 |     8 ||    19
       Invisible         |       |     1 |     1 ||     2
Armor: Robe              |     3 |       |       ||     3
Dodge: Dodged            |    13 |    11 |    19 ||    43

Table legend:
 A = Spawn XP
 B = Non-spawn XP
 C = Spawn XP percentage of total XP
 D = Spawn monster count
 E = Non-spawn monster count
 F = Spawn count percentage of total count
 G = Total turns spent on level
                    A         B        C        D         E        F      G
               +---------+---------+-------+---------+---------+-------+---------
         Total |       0 |    4627 |   0.0 |       0 |      29 |   0.0 |   710
               +---------+---------+-------+---------+---------+-------+---------
             D |       0 |    4627 |   0.0 |       0 |      29 |   0.0 |   710
               +---------+---------+-------+---------+---------+-------+---------
